 Dungeon Crawl Stone Soup version 0.19.5 (webtiles) character file.

77 Haldmier the Slasher (level 4, -1/29 HPs)
             Began as a High Elf Skald on Apr 12, 2017.
             Was an Initiate of Ashenzari.
             Slain by an iguana (9 damage)
             ... on level 3 of the Dungeon.
             The game lasted 00:08:57 (2903 turns).

Haldmier the Slasher (High Elf Skald)               Turns: 2903, Time: 00:08:57

Health: -1/29      AC:  3    Str: 12    XL:     4   Next: 13%
Magic:  4/8        EV: 12    Int: 21    God:    Ashenzari [......]
Gold:   61         SH:  0    Dex: 14    Spells: 3 memorised, 1 level left

rFire  . . .     SeeInvis .     a - +0 falchion
rCold  . . .     Gourm    .     f - +1 robe {MR+}
rNeg   . . .     Faith    .     (no shield)
rPois  .         Spirit   .     (no helmet)
rElec  .         Reflect  .     (no cloak)
rCorr  .         Harm     .     (no gloves)
MR     +....                    (no boots)
Stlth  +.........               (no amulet)
                                (no ring)
                                n - +5 ring of intelligence

@: no status effects
A: no striking features
a: Curse Item, Renounce Religion


You were on level 3 of the Dungeon.
You worshipped Ashenzari.
Ashenzari was noncommittal.
You were hungry.

You visited 1 branch of the dungeon, and saw 3 of its levels.

You collected 61 gold pieces.

Inventory:

Hand Weapons
 a - a +0 falchion (weapon)
 p - a +0 hunting sling
Missiles
 j - 90 stones (quivered)
Armour
 f - a +1 robe of magic resistance (worn)
 l - a +0 ring mail
 s - a +2 scale mail of poison resistance
Jewellery
 n - a +5 ring of intelligence (left hand)
Scrolls
 e - a scroll of amnesia {unknown}
 g - a scroll of random uselessness {unknown}
 h - a scroll of fog {unknown}
 i - a scroll of identify {unknown}
 t - a scroll of blinking {unknown}
 u - a scroll of teleportation {unknown}
Potions
 k - 2 potions of agility {unknown}
 m - 2 potions of curing {unknown}
 o - a potion of mutation {unknown}
Books
 c - a book of Battle

   Spells                             Type                      Level
   a - Infusion                       Charms                       1
   b - Shroud of Golubria             Charms/Translocation         2
   c - Song of Slaying                Charms                       2
   d - Spectral Weapon                Hexes/Charms                 3
   e - Regeneration                   Charms/Necromancy            3
Comestibles
 d - a bread ration
 q - a beef jerky


   Skills:
 - Level 2.0 Fighting
 + Level 4.4 Long Blades
 - Level 0.8 Armour
 - Level 1.1 Dodging
 - Level 2.4 Spellcasting
 * Level 1.2 Hexes
 - Level 3.6 Charms
 + Level 1.8 Translocations


You had one spell level left.
You knew the following spells:

 Your Spells              Type           Power        Failure   Level  Hunger
a - Infusion              Chrm           ###.         3%          1    None
b - Shroud of Golubria    Chrm/Tloc      ##........   10%         2    ##.....
c - Spectral Weapon       Hex/Chrm       ##......     17%         3    ###....


Dungeon Overview and Level Annotations

Branches:
Dungeon (3/15)

Altars:
Ashenzari

Annotations:
D:2 Sigmund


Message History

You barely miss the iguana.
Your spectral weapon closely misses the iguana.
The iguana misses you.
You hit the iguana but do no damage.
Your spectral weapon barely misses the iguana.
The iguana bites you!
You take 13 damage, and have 16/29 hp.
MASSIVE DAMAGE!!
You hit the iguana but do no damage.
Your spectral weapon misses the iguana.
The iguana completely misses you.
You hit the iguana.
The iguana is lightly wounded.
Your spectral weapon hits the iguana.
The iguana bites you!
* * * LOW HITPOINT WARNING * * *
Your shroud falls apart!
You take 9 damage, and have 8/29 hp.
MASSIVE DAMAGE!!
You hit the iguana.
The iguana is severely wounded.
Your spectral weapon barely misses the iguana.
The iguana closely misses you. The iguana bites you!
You die...

#............#
#.##...........
#.##..........#
#.#.....#......
#...###.#.......)
####.###.#......!.
#[...###.#........
#.....#..........#
#.<@l.#...........
#..(.._..#.......#
#.....#......S..S#
#.....#.)........#
#....###.#........
#....###.###...##.
#....###.# .#.#
####.....# # ..
####### ..


You could see an iguana and a friendly spectral falchion.

Vanquished Creatures
  2 adders
  A worm (D:2)
  A dart slug (D:1)
  2 leopard geckos (D:2)
  4 giant cockroaches
  6 goblins
  8 hobgoblins
  4 jackals (D:1)
  A quokka (D:2)
  7 bats (D:1)
  5 frilled lizards
  5 kobolds
  2 rats
48 creatures vanquished.

Notes
Turn   | Place    | Note
-------+----------+-------------------------------------------
     0 | D:1      | Haldmier the High Elf Skald began the quest for the Orb.
     0 | D:1      | Reached XP level 1. HP: 14/14 MP: 4/4
   250 | D:1      | Reached skill level 3 in Long Blades
   511 | D:1      | Reached XP level 2. HP: 19/19 MP: 4/6
   857 | D:1      | Reached skill level 4 in Long Blades
   999 | D:1      | Learned a level 2 spell: Shroud of Golubria
  1357 | D:1      | Reached XP level 3. HP: 24/24 MP: 3/7
  1505 | D:2      | Found a faded altar of an unknown god.
  1519 | D:2      | Reached skill level 1 in Translocations
  1815 | D:2      | Learned a level 3 spell: Spectral Weapon
  1936 | D:2      | Noticed Sigmund
  2275 | D:2      | Reached skill level 1 in Hexes
  2734 | D:3      | Found a shattered altar of Ashenzari.
  2745 | D:3      | Became a worshipper of Ashenzari the Shackled
  2816 | D:3      | Reached XP level 4. HP: 29/29 MP: 0/8
  2903 | D:3      | Slain by an iguana

Skill      XL: |  1  2  3 |
---------------+----------+-----
Long Blades    | 3 4 |  4.4
Translocations | 1 |  1.8
Hexes          | 1 |  1.2
Fighting       | |  2.0
Armour         | |  0.8
Dodging        | |  1.1
Spellcasting   | |  2.4
Charms         | |  3.6

Action                   |  1- 3 |  4- 6 || total
-------------------------+-------+-------++-------
Melee: Falchion          |   123 |     8 ||   131
 Cast: Infusion          |    18 |       ||    18
       Shroud of Golubri |     1 |     1 ||     2
       Spectral Weapon   |     1 |     1 ||     2
 Stab: Distracted        |     1 |       ||     1
       Sleeping          |     1 |       ||     1
  Eat: Chunk             |     6 |       ||     6
Armor: Leather armour    |    31 |       ||    31
       Robe              |     1 |       ||     1
Dodge: Dodged            |    76 |     3 ||    79
       Rpst.: Falchion   |    25 |       ||    25
